 Dungeon Crawl Stone Soup version 0.22-a0-533-g4d20840e7c (webtiles) character file.

2796 Foic the Cleaver (level 9, -2/81 HPs)
             Began as a Hill Orc Berserker on June 22, 2018.
             Was a Priest of Trog.
             Slain by a wyvern (10 damage)
             ... on level 8 of the Dungeon.
             The game lasted 00:21:40 (7071 turns).

Foic the Cleaver (Hill Orc Berserker)               Turns: 7071, Time: 00:21:41

Health: -2/81      AC: 13    Str: 20 (23) XL:     9   Next: 71%
Magic:  9/9        EV:  9    Int:  5 (7)  God:    Trog [***...]
Gold:   332        SH:  0    Dex: 10      Spells: 8/8 levels left

rFire    . . .     SeeInvis .   a - +0 hand axe
rCold    . . .     Gourm    .   (no shield)
rNeg     . . .     Faith    .   i - +0 chain mail
rPois    .         Spirit   .   d - +0 hat
rElec    .         Reflect  .   h - +1 cloak
rCorr    .         Harm     .   (no gloves)
MR       .....                  (no boots)
Stlth    ..........             (no amulet)
HPRegen  0.23/turn              (no ring)
MPRegen  0.11/turn              (no ring)

@: confused, lethally poisoned (-2 -> -3), berserk cooldown, slowed, very slow
A: no striking features
a: Berserk, Trog's Hand, Renounce Religion


You were on level 8 of the Dungeon.
You worshipped Trog.
Trog was most pleased with you.
You were not hungry.

You visited 1 branch of the dungeon, and saw 8 of its levels.

You collected 332 gold pieces.

Inventory:

Hand Weapons
 a - a +0 hand axe (weapon)
 v - a +1 flail of protection
Missiles
 f - 2 javelins (quivered)
 k - 99 stones
 p - 5 tomahawks of returning
Armour
 d - a +0 hat (worn)
 h - a +1 cloak (worn)
 i - a +0 chain mail (worn)
 s - a +0 troll leather armour
Jewellery
 m - an uncursed amulet of magic regeneration
Wands
 t - a wand of random effects (61)
 y - a wand of paralysis (20)
 A - a wand of flame (10)
Scrolls
 b - a scroll of silence {unknown}
 j - 2 scrolls of remove curse
 l - 5 scrolls of identify
 n - 2 scrolls of teleportation
 o - 2 scrolls of amnesia {unknown}
 r - a scroll of fog {unknown}
 w - a scroll of blinking {unknown}
 x - a scroll of enchant armour
Potions
 e - a potion of resistance
 q - 2 potions of flight
 u - a potion of ambrosia
Comestibles
 c - 13 rations


   Skills:
 + Level 7.8 Fighting
 + Level 11.5 Axes
 + Level 1.1 Throwing
 + Level 8.2 Armour
 + Level 3.1 Dodging


You had 8 spell levels left.
You didn't know any spells.
Your spell library was empty.

Dungeon Overview and Level Annotations

Branches:
Dungeon (8/15)             Temple (0/1) D:5
   Lair: D:8-11

Altars:
Ashenzari
Elyvilon
Gozag
Ru
Trog
Uskayaw
Xom


Message History

You pass out from exhaustion.
You feel yourself slow down.
You feel sick. The iguana bites you!
* * * LOW HITPOINT WARNING * * *
The iguana bites you but does no damage.
You can move again.
You feel sick.
The iguana bites you but does no damage.
The wyvern hisses menacingly.
You feel sick.
The iguana bites you but does no damage.
You feel sick. The wyvern bites you.
* * * LOW HITPOINT WARNING * * *
The iguana bites you!
* * * LOW HITPOINT WARNING * * *
Unknown command.
Okay, then.
You are confused.
You feel invigorated. The wyvern bites you!
You die...

############### ###
########.............. #..
......#.........).... #.#
##..<.....P......P...
#.#####....................
#.........@................
#######.#####...ll..#)#.#''#.#.##
........######.....######..#####
#####....)........###.!#..).#).#
#####...########.## #..'....'..#
........# #)# ####....####
#####...[. #.# ###### ##...## ...
###.# ...##


You could see a wyvern and an iguana.

Vanquished Creatures
  Psyche (D:8)
  A troll (D:5)
  A hippogriff (D:7)
  Menkaure (D:5)
  Duvessa (D:5)
  A phantom (D:7)
  4 ogres
  2 centaurs
  A crocodile (D:7)
  A big kobold (D:8)
  A bullfrog (D:8)
  Dowan (D:5)
  2 scorpions
  3 killer bees (D:7)
  A howler monkey (D:4)
  3 crimson imps
  A quasit (D:7)
  A hound (D:8)
  2 orc wizards
  An iguana (D:4)
  3 jellies
  5 worker ants
  Ijyb (D:3)
  Natasha (twice) (D:2)
  A hound skeleton (D:4)
  4 gnolls (D:7)
  7 adders
  4 oozes
  4 dart slugs
  7 leopard geckos
  9 orcs
  6 giant cockroaches
  3 hobgoblins
  15 jackals
  4 quokkas
  3 ball pythons
  10 bats
  5 frilled lizards
  6 goblins
  A jackal skeleton (D:5)
  8 kobolds
  A leopard gecko zombie (D:5)
  A quokka zombie (D:5)
  3 rats
143 creatures vanquished.

Notes
Turn   | Place    | Note
-------+----------+-------------------------------------------
     0 | D:1      | Foic the Hill Orc Berserker began the quest for the Orb.
     0 | D:1      | Reached XP level 1. HP: 19/19 MP: 1/1
   118 | D:1      | Reached XP level 2. HP: 19/27 MP: 2/2
   534 | D:1      | Reached XP level 3. HP: 19/33 MP: 3/3
   555 | D:1      | Reached skill level 5 in Axes
  1089 | D:2      | Noticed Natasha
  1094 | D:2      | Killed Natasha
  1094 | D:2      | Reached XP level 4. HP: 35/41 MP: 4/4
  1104 | D:2      | Reached ** piety under Trog
  1563 | D:2      | Noticed Natasha
  1570 | D:2      | Killed Natasha
  1570 | D:2      | Reached XP level 5. HP: 47/47 MP: 5/5
  1702 | D:2      | Found a white marble altar of Elyvilon.
  1728 | D:2      | Reached skill level 6 in Axes
  1801 | D:3      | Found a bloodstained altar of Trog.
  2216 | D:3      | Noticed Ijyb
  2264 | D:3      | Killed Ijyb
  2534 | D:4      | Reached *** piety under Trog
  2534 | D:4      | Reached XP level 6. HP: 44/55 MP: 6/6
  2561 | D:4      | Reached skill level 5 in Fighting
  2866 | D:4      | Reached skill level 7 in Axes
  3087 | D:4      | HP: 1/56 [ogre/giant club (10)]
  3096 | D:4      | Reached XP level 7. HP: 3/61 MP: 7/7
  3411 | D:4      | Found a shimmering altar of Xom.
  3616 | D:5      | Entered Level 5 of the Dungeon
  3616 | D:5      | Found an opulent altar of Gozag.
  3783 | D:5      | Found a staircase to the Ecumenical Temple.
  3788 | D:5      | Noticed a troll
  3797 | D:5      | Killed a troll
  3797 | D:5      | Reached skill level 8 in Axes
  4088 | D:5      | Reached skill level 5 in Armour
  4088 | D:5      | Reached XP level 8. HP: 44/70 MP: 8/8
  4317 | D:5      | Noticed Duvessa
  4318 | D:5      | Noticed Dowan
  4355 | D:5      | Killed Duvessa
  4355 | D:5      | Reached skill level 9 in Axes
  4368 | D:5      | Killed Dowan
  4669 | D:5      | Noticed Menkaure
  4681 | D:5      | Killed Menkaure
  5265 | D:6      | Noticed a hand axe
  5266 | D:6      | Noticed a dagger
  5268 | D:6      | Found a hide-covered altar of Uskayaw.
  5294 | D:6      | Found a sacrificial altar of Ru.
  5404 | D:6      | Reached skill level 10 in Axes
  5575 | D:6      | Found a shattered altar of Ashenzari.
  5884 | D:7      | Reached XP level 9. HP: 78/79 MP: 9/9
  5980 | D:7      | Reached **** piety under Trog
  6128 | D:7      | Reached skill level 1 in Throwing
  6327 | D:7      | Reached skill level 11 in Axes
  7007 | D:8      | Noticed Psyche
  7059 | D:8      | Killed Psyche
  7070 | D:8      | HP: 1/81 [iguana (8)]
  7071 | D:8      | Slain by a wyvern

Vault maps used:
D:1:      kilobyte_arrival_exit_the_forest
D:2:      nicolae_overflow_crystal_walls, first_ration, serial_bayou_pond_c,
          corexii_leaking_fountain, uniq_natasha
D:3:      lemuel_doored_altar, kennysheep_nondescript,
          kennysheep_cluttered_room, uniq_ijyb
D:4:      old_standard_altar
D:5:      minmay_temple_entry_junction, basic_altar, hangedman_decor_points,
          uniq_menkaure, uniq_duvessa
D:6:      old_standard_altar, lemuel_coloured_pillars_altar,
          dancing_weapons_uskayaw
D:8:      lightli_temple_of_fire, dpeg_lair_monsters, blue_anna_alchemist,
          uniq_psyche, uniq_erica, uniq_gastronok

Skill      XL: |  1  2  3  4  5  6  7  8  9 |
---------------+----------------------------+-----
Fighting       | 4 5 7 |  7.8
Axes           | 5 6 7 8 10 11 | 11.5
Dodging        | 2 3 |  3.1
Armour         | 3 5 6 8 |  8.2
Throwing       | 1 |  1.1

Action                   |  1- 3 |  4- 6 |  7- 9 || total
-------------------------+-------+-------+-------++-------
Melee: Hand axe          |    94 |   251 |   460 ||   805
Throw: Javelin           |       |     2 |     5 ||     7
       Tomahawk          |       |     2 |       ||     2
       Stone             |       |       |     1 ||     1
Invok: Berserk           |       |     3 |     4 ||     7
       Trog's Hand       |       |     2 |     5 ||     7
  Use: Potion            |     2 |       |    12 ||    14
       Scroll            |     5 |       |       ||     5
  Eat: Chunk             |     1 |     9 |    16 ||    26
       Ration            |       |       |     1 ||     1
Armor: Animal skin       |    31 |    12 |       ||    43
       Scale mail        |       |    23 |       ||    23
       Chain mail        |       |   105 |   242 ||   347
Dodge: Dodged            |    62 |   120 |   183 ||   365

Table legend:
 A = Spawn XP
 B = Non-spawn XP
 C = Spawn XP percentage of total XP
 D = Spawn monster count
 E = Non-spawn monster count
 F = Spawn count percentage of total count
 G = Total turns spent on level
                    A         B        C        D         E        F      G
               +---------+---------+-------+---------+---------+-------+---------
         Total |       0 |    3995 |   0.0 |       0 |     143 |   0.0 |  7071
               +---------+---------+-------+---------+---------+-------+---------
           D:1 |       0 |      52 |   0.0 |       0 |      27 |   0.0 |  1060
           D:2 |       0 |     157 |   0.0 |       0 |      25 |   0.0 |   729
           D:3 |       0 |      83 |   0.0 |       0 |      10 |   0.0 |   694
           D:4 |       0 |     331 |   0.0 |       0 |      11 |   0.0 |  1133
           D:5 |       0 |    1049 |   0.0 |       0 |      29 |   0.0 |  1290
           D:6 |       0 |     443 |   0.0 |       0 |      11 |   0.0 |   837
           D:7 |       0 |    1211 |   0.0 |       0 |      25 |   0.0 |  1143
           D:8 |       0 |     669 |   0.0 |       0 |       5 |   0.0 |   185
               +---------+---------+-------+---------+---------+-------+---------
